 Dungeon Sprint DCSS version 0.27-a0-1291-geefcff550b (webtiles) character file.

Game seed: 13449373643945595668

7177 mhtbhm the Eviscerator (level 10, -16/81 HPs)
             Began as a Felid Berserker on June 15, 2021.
             Was the Champion of Trog.
             Demolished by a bunyip (28 damage)
             ... in the Dungeon (Sprint IX: "|||||||||||||||||||||||||||||").
             The game lasted 00:06:21 (4460 turns).

mhtbhm the Eviscerator (Felid Berserker)            Turns: 4460, Time: 00:06:21

Health: -16/81     AC:  7    Str: 20    XL:     10   Next: 86%
Magic:  11/11      EV: 30    Int:  8    God:    Trog [******]
Gold:   1003       SH:  0    Dex: 17    Spells: 9/9 levels left
                                        Lives:  0   Deaths: 3

rFire    . . .     SeeInvis +     - Unarmed
rCold    + . .     Faith    .   (shield unavailable)
rNeg     . . .     Spirit   .   (armour unavailable)
rPois    .         Reflect  .   (helmet unavailable)
rElec    .         Harm     .   (cloak unavailable)
rCorr    .         Rampage  .   (gloves unavailable)
Will     +....     NoTele   +   (boots unavailable)
Stlth    ..........             (no amulet)
HPRegen  0.23/turn              s - +4 ring of protection
MPRegen  0.12/turn              i - +3 ring of strength

@: berserking (expiring), very quick
A: very small, claws 1, fangs 3, see invisible, speed 1, shaggy fur 3, stealthy
paws, no weapons or thrown items, no armour, multi-lived
a: Renounce Religion, Berserk, Trog's Hand, Brothers in Arms


You were in the Dungeon.
You worshipped Trog.
Trog was exalted by your worship.
You visited 1 branch You collected 1910 gold pieces.
You spent 907 gold pieces at shops.

Inventory:

Jewellery
 i - a +3 ring of strength (right paw)
 l - a ring of protection from fire
 s - a +4 ring of protection (left paw)
 v - a ring of protection from cold
Scrolls
 f - 2 scrolls of blinking
 m - 4 scrolls of fear
 p - a scroll of immolation
 r - a scroll of vulnerability
 t - 3 scrolls of silence
 u - a scroll of torment
 y - a scroll of fog
Potions
 a - 8 potions of curing
 b - 9 potions of heal wounds
 c - a potion of haste
 d - 4 potions of magic
 e - 2 potions of berserk rage
 g - a potion of invisibility
 k - 3 potions of might
 n - a potion of mutation
 o - 3 potions of lignification
 q - a potion of attraction
 x - a potion of resistance


   Skills:
 + Level 12.6 Fighting
 + Level 17.9 Dodging
 + Level 14.5 Stealth
 + Level 24.7 Unarmed Combat
 + Level 4.8 Evocations


You had 9 spell levels left.
You didn't know any spells.
Your spell library was empty.

Dungeon Overview and Level Annotations

Branches:
Dungeon (1/1)

Altars:
Cheibriados
Dithmenos
Elyvilon
Fedhas
Gozag
Hepliaklqana
Kikubaaqudgha
Makhleb
Nemelex Xobeh
Okawaru
Qazlal
Ru
Sif Muna
Trog
Uskayaw
Vehumet
Wu Jian
Xom
Yredelemnul
Zin
The Shining One
Beogh
Jiyva
Lugonu

Shops:
D [:**

Annotations:
D Saint Roka


Innate Abilities, Weirdness & Mutations

You have sharp claws.
You have razor-sharp teeth.
You have supernaturally acute eyesight. (SInv)
You cover ground quickly. (Speed+)
Your thick and shaggy fur keeps you warm. (AC +3, rC+)
Your paws help you pounce on unaware monsters.
You are incapable of wielding weapons or throwing items.
You cannot wear armour.
You gain extra lives every three experience levels.


Message History

Saint Roka hits you with a +1 vorpal battleaxe!
You die...
You are now level 10!
You rejoin the land of the living...
Unknown command.
Things that are here:
a +4 great mace of protection; a +0 chain mail A bunyip comes into view.
There are monsters nearby!
There are monsters nearby!
There are monsters nearby!
Unknown command.
The eleionoma shouts!
The eleionoma completely misses you.
A red film seems to cover your vision as you go berserk!
You feel yourself moving faster!
You feel mighty!
You mangle the eleionoma!!
The eleionoma is moderately wounded.
You claw the eleionoma! x2; You bite the eleionoma!
The eleionoma is severely wounded.
You scratch the eleionoma.
The eleionoma is severely wounded.
The eleionoma hurls a spray of splinters at you.
The spray of wooden splinters hits you!!!
Ouch! That really hurt!
You eviscerate the eleionoma!!!
You kill the eleionoma!
Trog accepts your kill.
You feel a strong urge to attack something.
The bunyip gives a hideous shriek!
The bunyip howls a warning cry!
You are too injured to fight recklessly!
You claw the bunyip!
The bunyip is lightly wounded.
You claw the bunyip! You bite the bunyip.
The bunyip is moderately wounded.
The bunyip claws you!!
* * * LOW HITPOINT WARNING * * *
The bunyip completely misses you. The bunyip claws you!!
You die...

▓_▓.▓.▓.▓.▓÷▓[▓.♣ ♣.▓
▓_▓.▓.▓.▓.▓)▓.▓.♣§♣.▓
▓_▓.▓÷▓.▓)▓.▓)▓.♣i♣.▓
▓_▓.▓'▓.▓)▓.▓)▓.♣t♣.▓
▓_▓.▓.▓.▓)▓.▓)▓.♣○♣.▓
▓_▓.▓.▓)▓)▓.▓)▓.♣x♣.▓
▓_▓.▓?▓.▓)▓.▓)▓.♣°♣.▓
▓_▓.▓.▓.▓)▓.▓)▓.♣.♣.▓
▓'▓.▓.▓.▓)▓.▓)▓@♣)♣.▓
▓.▓.▓)▓.▓)▓.▓)▓.x†♣.▓
▓.▓.▓|▓.▓)▓.▓.▓.▓.▓.▓
▓.▓.▓(▓.▓)▓.▓.▓.▓.▓.▓
▓)▓.▓.▓.▓.▓.▓.▓t▓.▓.▓
▓)▓.▓.▓.▓.▓.▓=▓.▓.▓†▓
▓)▓.▓.▓.▓.▓.▓.▓.▓.▓.▓
▓.▓.▓.▓.▓.▓.▓'▓.▓.▓.▓
▓.▓.▓.▓.▓.▓.▓.▓.▓.▓.▓


You could see a bunyip and an alligator.

Vanquished Creatures
  Rupert (D)
  Aizul (D)
  A stone giant (D)
  A very ugly thing (D)
  A bunyip (D)
  An entropy weaver (shapeshifter) (D)
  An eleionoma (D)
  A fire dragon (D)
  Harold (D)
  A rakshasa (D)
  A hydra (D)
  Erica (D)
  2 centaur warriors (D)
  2 two-headed ogres (D)
  An orc high priest (D)
  A spriggan druid (D)
  A flayed ghost (D)
  A glowing orange brain (D)
  A deep elf pyromancer (D)
  3 orc knights (D)
  A cyclops (D)
  2 manticores (D)
  7 orc sorcerers (D)
  An elephant (D)
  A gargoyle (D)
  3 cane toads (D)
  2 komodo dragons (D)
  An unseen horror (D)
  2 blink frogs (D)
  A raiju (shapeshifter) (D)
  Eustachio (D)
  3 yaks (D)
  2 basilisks (D)
  Grum (D)
  2 vampire mosquitoes (D)
  A warg (D)
  4 water moccasins (D)
  2 hell hounds (D)
  12 orc warriors (D)
  An ogre (D)
  8 wolves (D)
  2 centaurs (D)
  A bullfrog (D)
  A wight (D)
  11 orc wizards (D)
  9 orcs (D)
  A ball python (D)
  A bat skeleton (D)
  A hobgoblin (D)
  A jackal (D)
  3 quokkas (D)
113 creatures vanquished.

Vanquished Creatures (collateral kills)
  A stone giant (D)
  A manticore (D)
2 creatures vanquished.

Vanquished Creatures (others)
  A spriggan druid (D)
1 creature vanquished.

Grand Total: 116 creatures vanquished

Notes
Turn   | Place    | Note
-------+----------+-------------------------------------------
     0 | D        | mhtbhm the Felid Berserker began the quest for the Orb.
     0 | D        | Reached XP level 1. HP: 10/10 MP: 2/2
     8 | D        | Reached ** piety under Trog
   168 | D        | Noticed a centaur
   168 | D        | Noticed an ogre
   173 | D        | Killed an ogre
   174 | D        | Reached skill level 5 in Fighting
   174 | D        | Reached skill level 6 in Unarmed Combat
   174 | D        | Reached XP level 2. HP: 16/16 MP: 3/3
   174 | D        | Reached XP level 3. HP: 19/19 MP: 4/4
   174 | D        | Reached XP level 4. HP: 23/23 MP: 5/5
   174 | D        | Reached *** piety under Trog
   183 | D        | Killed a centaur
   184 | D        | Reached skill level 1 in Stealth
   184 | D        | Reached skill level 7 in Unarmed Combat
   184 | D        | Reached XP level 5. HP: 21/28 MP: 6/6
   190 | D        | Found a snail-covered altar of Cheibriados.
   190 | D        | Found a shadowy altar of Dithmenos.
   190 | D        | Found a white marble altar of Elyvilon.
   190 | D        | Found a blossoming altar of Fedhas.
   190 | D        | Found an opulent altar of Gozag.
   191 | D        | Found a hazy altar of Hepliaklqana.
   192 | D        | Found a viscous altar of Jiyva.
   193 | D        | Found an ancient bone altar of Kikubaaqudgha.
   194 | D        | Found a corrupted altar of Lugonu.
   195 | D        | Found a burning altar of Makhleb.
   196 | D        | Found a sparkling altar of Nemelex Xobeh.
   197 | D        | Found an iron altar of Okawaru.
   198 | D        | Found a stormy altar of Qazlal.
   199 | D        | Found a sacrificial altar of Ru.
   200 | D        | Found a shimmering blue altar of Sif Muna.
   201 | D        | Found a bloodstained altar of Trog.
   202 | D        | Found a hide-covered altar of Uskayaw.
   203 | D        | Found a radiant altar of Vehumet.
   204 | D        | Found an ornate altar of the Wu Jian Council.
   205 | D        | Found a shimmering altar of Xom.
   206 | D        | Found a basalt altar of Yredelemnul.
   207 | D        | Found a glowing silver altar of Zin.
   208 | D        | Found a glowing golden altar of the Shining One.
   332 | D        | Noticed a vampire mosquito
   332 | D        | Noticed a two-headed ogre
   332 | D        | Noticed a yak
   332 | D        | Noticed a two-headed ogre
   332 | D        | Noticed a gargoyle
   335 | D        | Reached **** piety under Trog
   336 | D        | Reached skill level 8 in Unarmed Combat
   339 | D        | Killed a gargoyle
   340 | D        | Reached skill level 10 in Dodging
   340 | D        | Reached skill level 10 in Unarmed Combat
   340 | D        | Gained mutation: You are covered in thick fur. (AC +2)
                  | [Felid growth]
   340 | D        | Reached XP level 6. HP: 31/34 MP: 7/7
   343 | D        | Killed a two-headed ogre
   344 | D        | Reached skill level 10 in Fighting
   344 | D        | Reached skill level 12 in Unarmed Combat
   344 | D        | Reached XP level 7. HP: 29/39 MP: 8/8
   344 | D        | Reached XP level 8. HP: 32/43 MP: 9/9
   497 | D        | Killed a two-headed ogre
   497 | D        | Reached ***** piety under Trog
   498 | D        | Reached skill level 13 in Unarmed Combat
   500 | D        | Reached XP level 9. HP: 48/48 MP: 10/10
   647 | D        | Noticed a cyclops
   647 | D        | Noticed a deep elf pyromancer
   647 | D        | Noticed an unseen horror
   647 | D        | Noticed a boulder beetle
   650 | D        | Killed an unseen horror
   651 | D        | Reached skill level 14 in Unarmed Combat
   655 | D        | Killed a deep elf pyromancer
   656 | D        | Reached skill level 5 in Stealth
   663 | D        | Killed a cyclops
   665 | D        | Reached skill level 15 in Unarmed Combat
   973 | D        | Noticed a cane toad
   973 | D        | Noticed a cane toad
   973 | D        | Noticed a komodo dragon
   973 | D        | Noticed a cane toad
   977 | D        | Killed a cane toad
   985 | D        | Killed a komodo dragon
   985 | D        | Reached ****** piety under Trog
   986 | D        | Reached skill level 15 in Dodging
   986 | D        | Reached XP level 10. HP: 44/53 MP: 11/11
   992 | D        | Killed a cane toad
   993 | D        | Reached skill level 16 in Unarmed Combat
   994 | D        | Killed a cane toad
  1245 | D        | Noticed a four-headed hydra
  1254 | D        | Noticed an elephant
  1257 | D        | Killed a four-headed hydra
  1258 | D        | Reached skill level 17 in Unarmed Combat
  1273 | D        | Killed an elephant
  1361 | D        | Reached skill level 18 in Unarmed Combat
  1380 | D        | Reached XP level 11. HP: 42/57 MP: 12/12
  1525 | D        | Noticed Harold
  1538 | D        | Killed Harold
  1670 | D        | Noticed Erica
  1677 | D        | Killed Erica
  1678 | D        | Reached skill level 19 in Unarmed Combat
  1906 | D        | Noticed an orc high priest
  1911 | D        | Reached skill level 10 in Stealth
  1914 | D        | Killed an orc high priest
  1987 | D        | Noticed an orc knight
  1991 | D        | Killed an orc knight
  2007 | D        | Noticed an orc knight
  2012 | D        | Reached skill level 20 in Unarmed Combat
  2028 | D        | Killed an orc knight
  2129 | D        | Found Dionan's Assorted Antiques.
  2129 | D        | Noticed an orc sorcerer
  2130 | D        | Noticed an orc sorcerer
  2132 | D        | Found Zegann's Assorted Antiques.
  2137 | D        | Noticed an orc sorcerer
  2138 | D        | Found Honoegur's Book Boutique.
  2140 | D        | Killed an orc sorcerer
  2143 | D        | Found Magociedu's Antique Armour Shop.
  2145 | D        | Noticed an orc sorcerer
  2146 | D        | Killed an orc sorcerer
  2147 | D        | Noticed an orc sorcerer
  2148 | D        | Noticed a soul eater
  2152 | D        | Noticed an orc sorcerer
  2154 | D        | Noticed an orc sorcerer
  2156 | D        | Killed an orc sorcerer
  2159 | D        | Killed from afar by an orc sorcerer
  2160 | D        | Reached XP level 10. HP: -15/54 MP: 11/11
  2172 | D        | Noticed Eustachio
  2175 | D        | Noticed Grum
  2181 | D        | Killed Eustachio
  2189 | D        | Killed Grum
  2190 | D        | Reached skill level 21 in Unarmed Combat
  2399 | D        | Noticed a sun demon
  2399 | D        | Killed an orc sorcerer
  2403 | D        | Killed an orc sorcerer
  2404 | D        | Reached XP level 11. HP: 57/57 MP: 12/12
  2404 | D        | Killed an orc sorcerer
  2405 | D        | Reached skill level 1 in Evocations
  2423 | D        | Killed an orc sorcerer
  2540 | D        | Bought a potion of curing for 84 gold pieces
  2540 | D        | Bought a scroll of fear for 98 gold pieces
  2540 | D        | Bought a scroll labelled FONWES ZISO for 28 gold pieces
  2540 | D        | Bought a golden potion for 25 gold pieces
  2540 | D        | Bought a scroll labelled AMNAOV JAOMOO for 28 gold pieces
  2540 | D        | Bought a potion of lignification for 84 gold pieces
  2540 | D        | Bought a diamond ring for 140 gold pieces
  2540 | D        | Bought a scroll of identify for 56 gold pieces
  2540 | D        | Bought a scroll of fear for 98 gold pieces
  2542 | D        | Bought 3 scrolls labelled IWUTWO ORCHANIX for 57 gold
                  | pieces
  2542 | D        | Bought 2 potions of curing for 114 gold pieces
  2542 | D        | Bought a scroll labelled QILEGEBROR for 19 gold pieces
  2542 | D        | Bought a scroll of identify for 38 gold pieces
  2542 | D        | Bought a scroll of identify for 38 gold pieces
  2680 | D        | Found the +3 sling "Punk" {acid, rCorr}
  2722 | D        | Noticed a centaur warrior
  2722 | D        | Noticed a centaur warrior
  2722 | D        | Noticed an orc knight
  2732 | D        | Killed an orc knight
  2735 | D        | Killed a centaur warrior
  2736 | D        | Reached skill level 22 in Unarmed Combat
  2736 | D        | Noticed a stone giant
  2743 | D        | Killed a centaur warrior
  2766 | D        | Killed a stone giant
  3039 | D        | Noticed a fire dragon
  3233 | D        | Noticed an entropy weaver
  3242 | D        | Killed a fire dragon
  3245 | D        | Killed an entropy weaver
  3273 | D        | Noticed a flayed ghost
  3367 | D        | Killed a flayed ghost
  3368 | D        | Reached skill level 23 in Unarmed Combat
  3489 | D        | Noticed a purple very ugly thing
  3500 | D        | Killed a purple very ugly thing
  3504 | D        | Noticed a stone giant
  3563 | D        | Killed a stone giant
  3564 | D        | Gained mutation: Your thick and shaggy fur keeps you warm.
                  | (AC +3, rC+) [Felid growth]
  3564 | D        | Reached XP level 12. HP: 17/61 MP: 13/13
  3815 | D        | Noticed a rakshasa
  3823 | D        | Killed a rakshasa
  4064 | D        | Noticed Rupert
  4077 | D        | Killed Rupert
  4078 | D        | Reached skill level 24 in Unarmed Combat
  4249 | D        | Noticed a bunyip
  4249 | D        | Noticed an alligator
  4249 | D        | Noticed an eleionoma
  4249 | D        | Noticed a bunyip
  4253 | D        | Killed a bunyip
  4254 | D        | Noticed a ghost crab
  4289 | D        | Mangled by an alligator
  4290 | D        | Reached XP level 11. HP: -8/57 MP: 12/12
  4322 | D        | Noticed Aizul
  4331 | D        | Killed Aizul
  4408 | D        | Noticed Saint Roka
  4430 | D        | Mangled by Saint Roka
  4431 | D        | Reached XP level 10. HP: -10/81 MP: 11/11
  4447 | D        | Noticed a bunyip
  4455 | D        | Killed an eleionoma
  4460 | D        | Demolished by a bunyip

Illustrated notes

Levels and vault maps discovered:
D:        linesprint [early_d, line_temple, items_1, d_10, items_2, lair_1,
          lair_end, items_3, orc_1, orc_end, items_4, d_15, swamp_1, shoals_1,
          snake_1, spider_1, d_20, vaults_1, items_5, swamp_end, shoals_end,
          snake_end, spider_end, vaults_end, d_27, items_6, zot_1, zot_end,
          crypt_end, forest_end, elf_end, slime_end, tomb_end, abyss_end,
          pan_hell_end]

Skill      XL: |  1  2  3  4  5  6  7  8  9 10 11 12 |
---------------+-------------------------------------+-----
Fighting       | 5 6 8 10 11 12 | 12.6
Dodging        | 7 8 10 12 13 15 16 17 | 17.9
Unarmed Combat | 6 7 10 12 13 15 21 23 24 | 24.7
Stealth        | 1 2 3 4 6 11 13 14 | 14.5
Evocations     | 3 4 |  4.8

Action                   |  1- 3 |  4- 6 |  7- 9 | 10-12 || total
-------------------------+-------+-------+-------+-------++-------
Melee: Unarmed           |    12 |    17 |    31 |   254 ||   314
       Bite              |     1 |     3 |     5 |    37 ||    46
       Punch             |       |     1 |     5 |    36 ||    42
Invok: Berserk           |     2 |     1 |     3 |    22 ||    28
       Brothers in Arms  |       |       |       |     3 ||     3
Evoke: Wand              |       |       |       |    10 ||    10
  Use: Scroll            |       |       |       |     8 ||     8
       Potion            |       |       |       |     3 ||     3
 Stab: Sleeping          |       |       |     1 |     2 ||     3
       Distracted        |       |       |       |     2 ||     2
Armor: Skin              |       |       |       |     9 ||     9
Dodge: Dodged            |     6 |     7 |    12 |   133 ||   158

Table legend: (Time is in decaauts)
 A = Elapsed time spent in this place.
 B = Non-inter-level travel time spent in this place.
 C = Inter-level travel time spent in this place.
 D = Time resting spent in this place.
 E = Time spent auto-exploring this place.
 F = Levels seen in this place.
 G = Mean time per level.
                   A        B        C        D        E       F      G
               +--------+--------+--------+--------+--------+-----+--------+
         Total |   4324 |   4324 |      0 |   2951 |    478 |   1 | 4324.0 |
       Dungeon |   4324 |   4324 |      0 |   2951 |    478 |   1 | 4324.0 |
               +--------+--------+--------+--------+--------+-----+--------+

Top non-repeatable levels by time:
       D: 4324 daAuts
